 Dungeon Crawl Stone Soup version 0.24.0-37-gcf1ca852f1 (webtiles) character file.

Game seed: 8950354631492428331, levelgen mode: deterministic

111261 Amplified the Fencer (level 16, -5/120 HPs)
             Began as a Demonspawn Chaos Knight on Dec 3, 2019.
             Was a Plaything of Xom.
             Slain by an Executioner (11 damage)
             ... on level 4 of the Abyss.
             The game lasted 00:49:08 (33503 turns).

Amplified the Fencer (Demonspawn Chaos Knight)     Turns: 33503, Time: 00:49:09

Health: -5/120     AC: 31    Str: 21    XL:     16   Next: 9%
Magic:  21/21      EV: 13    Int: 13    God:    Xom [...*..]
Gold:   1259       SH:  6    Dex: 14    Spells: 15/15 levels left

rFire    + . .     SeeInvis .   I - +2 triple sword (flame)
rCold    + . .     Gourm    .   (shield currently unavailable)
rNeg     . . .     Faith    .   e - +4 chain mail {rC+}
rPois    +         Spirit   .   v - +2 helmet
rElec    .         Reflect  +   a - +2 cloak {rF+}
rCorr    +         Harm     .   E - +2 pair of gloves
MR       +....                  t - +2 pair of boots
Stlth    ..........             Q - +6 amulet of reflection
HPRegen  0.30/turn              l - ring of resist corrosion
MPRegen  0.17/turn              f - ring of poison resistance

@: about to teleport, drained
A: slimy green scales 2, blink, frail 1, foul stench 1, powered by pain 2,
strong 1, wild magic 1, evolution 1, rot immunity
a: Blink, Renounce Religion


You were on level 4 of the Abyss.
You worshipped Xom.
You were a favourite toy of Xom.
You were near starving.

You visited 4 branches of the dungeon, and saw 26 of its levels.
You visited the Abyss 2 times.
You also visited: Volcano.

You collected 2996 gold pieces.
You spent 1737 gold pieces at shops.

Inventory:

Hand Weapons
 o - a +1 great sword of electrocution
 u - the +12 spear "Ficucwov" {pierce, rF++ MR- Dex+4 SInv}
   (You found it on level 5 of the Dungeon)

   It inflicts extra damage upon your enemies.
   It affects your dexterity (+4).
   It greatly protects you from fire.
   It affects your resistance to hostile enchantments.
   It lets you see invisible.
 A - a +2 eveningstar of flaming
 I - a +2 triple sword of flaming (weapon)
Missiles
 k - 82 poisoned darts (quivered)
 B - 225 arrows
Armour
 a - a +2 cloak of fire resistance (worn)
 e - a +4 chain mail of cold resistance (worn)
 p - +0 acid dragon scales
 t - a +2 pair of boots (worn)
 v - a +2 helmet (worn)
 E - a +2 pair of gloves (worn)
 L - a +4 plate armour of fire resistance
Jewellery
 f - a ring of poison resistance (right hand)
 l - a ring of resist corrosion (left hand)
 r - a cursed ring of protection from cold
 z - an uncursed ring of flight
 N - an uncursed ring of positive energy
 Q - a +6 amulet of reflection (around neck)
Wands
 H - a wand of polymorph (23)
 K - a wand of enslavement (3)
Scrolls
 b - a scroll of identify
 d - 3 scrolls of amnesia
 i - 15 scrolls of remove curse
 G - a scroll of brand weapon
Potions
 g - 4 potions of flight
 j - 2 potions of cancellation
 n - 2 potions of magic
 s - 3 potions of mutation
 O - 8 potions of brilliance
Miscellaneous
 m - a phantom mirror
 w - a fan of gales
 F - a lightning rod (3/4)
 M - a sack of spiders
Comestibles
 c - 36 rations


   Skills:
 - Level 14.5(13.2) Fighting
 * Level 17.2(15.9) Long Blades
 - Level 9.0(7.9) Armour
 - Level 10.4(9.2) Dodging
 - Level 7.6(6.5) Evocations


You had 15 spell levels left.
You didn't know any spells.
Your spell library contained the following spells:

 Spells                   Type           Power        Failure   Level  Hunger
 Magic Dart               Conj           #...         95%         1    ##.....
 Blink                    Tloc           N/A          99%         2    ###....
 Call Imp                 Summ           #.......     99%         2    ###....
 Passwall                 Tmut/Erth      #.......     99%         2    ###....
 Searing Ray              Conj           #.....       99%         2    ###....
 Slow                     Hex            #.......     99%         2    ###....
 Swiftness                Chrm/Air       #.......     99%         2    ###....
 Conjure Flame            Conj/Fire      #.......     100%        3    ####...
 Dazzling Spray           Conj/Hex       #.....       100%        3    ####...
 Mephitic Cloud           Conj/Pois/Air  #.......     100%        3    ####...
 Recall                   Summ/Tloc      N/A          100%        3    ####...
 Animate Dead             Necr           N/A          100%        4    #####..
 Force Lance              Conj/Tloc      #.......     100%        4    #####..
 Fulminant Prism          Conj/Hex       #.........   100%        4    #####..
 Iskenderun's Mystic Bla  Conj           #.......     100%        4    #####..
 Passage of Golubria      Tloc           N/A          100%        4    #####..
 Summon Lightning Spire   Summ/Air       #.......     100%        4    #####..
 Borgnjor's Vile Clutch   Necr/Erth      #.........   100%        5    ######.
 Irradiate                Conj/Tmut      #.........   100%        5    ######.
 Lee's Rapid Deconstruct  Erth           #.........   100%        5    ######.
 Silence                  Hex/Air        #.........   100%        5    ######.
 Conjure Ball Lightning   Conj/Air       #.........   100%        6    #######
 Darkness                 Hex            #.........   100%        6    #######
 Death Channel            Necr           #.........   100%        6    #######
 Deflect Missiles         Chrm/Air       #.........   100%        6    #######
 Hydra Form               Tmut           #.........   100%        6    #######
 Invisibility             Hex            #.......     100%        6    #######
 Simulacrum               Ice/Necr       #.........   100%        6    #######
 Statue Form              Tmut/Erth      #........    100%        6    #######
 Dragon Form              Tmut           #.........   100%        7    #######
 Tornado                  Air            #.........   100%        9    #######


Dungeon Overview and Level Annotations

Branches:
Dungeon (15/15)            Temple (0/1) D:4            Lair (6/6) D:11
  Swamp (0/4) Lair:4        Snake (0/4) Lair:3        Slime (0/5) Lair:5
    Orc (2/2) D:12            Elf (3/3) Orc:2        Vaults (0/5) D:14
 Depths (0/5) D:15        Volcano (visited)

Altars:
Ashenzari
Cheibriados
Fedhas
Nemelex Xobeh
Okawaru
Qazlal
Ru
Xom

Shops:
D:7 (((?   D:10 :   D:14 }   Orc:2 (

Annotations:
D:6 2 transporters, fritzmikael's ghost, novice VSFi
D:15 Roxanne
Orc:2 Saint Roka


Innate Abilities, Weirdness & Mutations

You are mostly covered in slimy green scales. (AC +3)
You may emit foul miasma when damaged in melee.
You sometimes gain power by taking damage.
You are immune to rotting.
You can translocate small distances at will.
You are frail. (-10% HP)
Your muscles are strong. (Str +2)
Your spells are a little harder to cast, but a little more powerful.
You evolve.


Message History

Unknown command.
Unknown command.
Unknown command.
Unknown command.
You blink.
You feel slightly more hungry.
The Executioner hits you but does no damage.
The Executioner hits you.
* * * LOW HITPOINT WARNING * * *
You emit a cloud of colourful smoke!
The Executioner hits you but does no damage.
You block the thrashing horror's attack.
The thrashing horror tramples you but does no damage.
The Executioner hits you but does no damage. x2
You block the Executioner's attack.
A starcursed mass splits.
Unknown command.
Unknown command.
Unknown command.
You blink.
You feel slightly more hungry. The Executioner hits you!
You die...
Xom titters!

## .# .### #
#.####
..#.##§#### #
## #§.#.@1XX#
.### .##.
#X##X## #..# .
# #.##X.#
##.###.#.##
#.#.##.#.....
##.. #.##...#.
.#.#.# .. .##
....vv#....#.#.
# ....#.#..#.#v
. # #..#.#.
##... # ..
#######. # ##


You could see 2 starcursed masses, a tentacled starspawn, an Executioner and a
thrashing horror.

Vanquished Creatures
  Gastronok (D:9)
  2 deep elf death magi (Elf:3)
  A great orb of eyes (D:12)
  4 vault guards (D:14)
  4 hydras
  Erica (Lair:1)
  7 centaur warriors
  3 dancing weapons
  A catoblepas (Lair:5)
  A two-headed ogre (shapeshifter) (D:15)
  A death yak (Lair:5)
  A thrashing horror (Abyss:4)
  4 orc high priests (Orc:2)
  3 two-headed ogres
  A sun demon (Abyss:2)
  3 deep elf knights
  4 skeletal warriors (D:12)
  A spatial maelstrom (Abyss:4)
  A glowing orange brain (D:15)
  A swamp dragon (Lair:6)
  Pikel (D:9)
  A guardian serpent (Lair:6)
  A deep elf archer (Elf:3)
  15 deep elf magi
  3 orc knights
  4 orc sorcerers
  4 cyclopes
  8 ugly things
  2 manticores
  11 elephants (Lair:6)
  Joseph (D:7)
  5 black mambas (Lair:6)
  A molten gargoyle (Volcano)
  An apocalypse crab (Abyss:2)
  An orange demon (Abyss:2)
  18 spiny frogs
  5 centaur skeletons
  6 gargoyles
  Psyche (D:10)
  9 komodo dragons
  3 rime drakes (Lair:6)
  3 yaktaurs (D:12)
  2 freezing wraiths
  3 meliai (D:15)
  10 trolls
  A jumping spider (Lair:3)
  A queen bee (Lair:3)
  A troll (shapeshifter) (D:15)
  A large abomination (Abyss:4)
  2 polar bears (Lair:6)
  2 tyrant leeches (Lair:4)
  5 hornets
  A hydra skeleton (Abyss:2)
  7 slime creatures
  15 hippogriffs
  2 dream sheep (D:8)
  17 blink frogs
  A water elemental (D:14)
  An air elemental (Elf:3)
  A shadow (D:12)
  A tarantella (shapeshifter) (D:15)
  11 wyverns
  2 redbacks (Lair:6)
  45 yaks
  A wraith (D:15)
  5 basilisks
  4 humans (D:14)
  A fire bat (D:9)
  2 fire elementals
  A basilisk (shapeshifter) (Abyss:4)
  2 hungry ghosts
  3 vampire mosquitoes (D:12)
  4 wargs
  An acid dragon (D:14)
  25 water moccasins
  A soldier ant (D:12)
  10 porcupines
  36 orc warriors
  3 black bears
  7 sky beasts
  7 phantoms
  2 ice beasts
  An eye of draining (D:12)
  A slave (D:9)
  3 boggarts (D:15)
  A tengu (shapeshifter) (D:14)
  13 centaurs
  7 ogres
  7 wolves
  12 crocodiles
  5 big kobolds
  22 bullfrogs
  3 small abominations (Abyss:2)
  4 earth elementals
  A wyvern skeleton (D:6)
  3 scorpions
  2 troll zombies (D:12)
  2 water moccasin skeletons
  40 killer bees
  7 wights
  4 electric eels
  3 howler monkeys (D:7)
  4 crimson imps
  A bullfrog zombie (D:12)
  A quasit (D:12)
  7 hounds
  25 orc priests
  4 jellies
  30 orc wizards
  A bullfrog skeleton (D:13)
  6 iguanas
  14 worker ants
  Natasha (thrice) (D:2)
  Ijyb (D:3)
  A hell rat (Lair:6)
  A killer bee zombie (D:10)
  5 ogre zombies (D:12)
  A hound zombie (D:7)
  A worker ant zombie (D:7)
  14 gnolls
  14 adders
  9 shadow imps
  An ooze (D:4)
  An adder skeleton (D:5)
  2 worms (D:3)
  A dart slug (D:2)
  A leopard gecko (D:6)
  77 orcs
  3 ball pythons
  5 bats
  5 giant cockroaches
  13 goblins
  9 hobgoblins
  11 jackals
  12 kobolds
  A quokka (D:4)
  9 frilled lizards
  2 goblin skeletons (D:12)
  5 goblin zombies (D:12)
  A hobgoblin skeleton (D:12)
  A leopard gecko skeleton (D:4)
  2 orc skeletons (D:12)
  12 orc zombies (D:12)
  A quokka zombie (D:9)
  5 rats
  A plant (Lair:6)
861 creatures vanquished.

Vanquished Creatures (collateral kills)
  A fire dragon (Lair:6)
  A two-headed ogre (D:8)
  An orc sorcerer (Orc:2)
  A deep elf mage (D:13)
  2 ugly things (D:14)
  A spiny frog (Lair:6)
  A basilisk (Lair:6)
  An acid dragon (Lair:6)
  A water moccasin (Lair:6)
  A phantom (D:5)
  A swamp drake (Lair:6)
  2 black bears (D:7)
  An ogre (D:4)
  A wyvern skeleton (D:2)
  An orc priest (D:8)
  An ogre zombie (D:12)
  A hound skeleton (D:7)
  3 orcs
  A kobold (D:2)
  A hobgoblin skeleton (D:12)
  2 orc zombies (D:12)
26 creatures vanquished.

Vanquished Creatures (others)
  A wolf spider (Lair:6)
  A komodo dragon (Lair:6)
  A rime drake (Lair:6)
  2 humans (D:14)
  A basilisk (Lair:6)
  A steam dragon (Lair:6)
  An orc warrior (Orc:2)
  A phantom (D:12)
  2 centaurs
  A killer bee (Lair:3)
  An iguana (Lair:6)
  An orc wizard (D:7)
  2 briar patches (Abyss:3)
  A bush (Lair:6)
  A fire vortex (D:2)
  38 fungi
  73 plants
129 creatures vanquished.

Grand Total: 1016 creatures vanquished

Notes
Turn   | Place    | Note
-------+----------+-------------------------------------------
     0 | D:1      | Amplified the Demonspawn Chaos Knight began the quest for
                  | the Orb.
     0 | D:1      | Reached XP level 1. HP: 18/18 MP: 1/1
   103 | D:1      | Reached skill level 1 in Dodging
   323 | D:1      | Gained mutation: You are immune to rotting. [demonic
                  | ancestry]
   323 | D:1      | Reached XP level 2. HP: 23/24 MP: 2/2
   670 | D:1      | XOM: divination: detect items
  1011 | D:2      | XOM: cast spell 'Summon Ice Beast'
  1012 | D:2      | XOM: harmless Pois miscast
  1015 | D:2      | Reached skill level 3 in Long Blades
  1015 | D:2      | Gained mutation: You are partially covered in slimy green
                  | scales. (AC +2) [demonic ancestry]
  1015 | D:2      | Reached XP level 3. HP: 19/30 MP: 3/3
  1128 | D:2      | Noticed Terence
  1282 | D:3      | Reached XP level 4. HP: 33/37 MP: 4/4
  1393 | D:3      | Noticed Ijyb
  1414 | D:3      | Killed Ijyb
  1772 | D:3      | XOM: cloud trail
  1794 | D:3      | XOM: god gift: 9 gold pieces
  1842 | D:3      | XOM: smoke on damage
  1931 | D:3      | Reached XP level 5. HP: 42/42 MP: 5/5
  2228 | D:3      | XOM: mild Necr miscast
  2370 | D:2      | XOM: mild Fire miscast
  2372 | D:2      | XOM: butterfly on damage
  2471 | D:2      | Noticed Natasha
  2477 | D:2      | Killed Natasha
  2477 | D:2      | Reached skill level 4 in Long Blades
  2597 | D:2      | Noticed Natasha
  2601 | D:2      | Killed Natasha
  2601 | D:2      | Reached skill level 1 in Evocations
  2628 | D:2      | Noticed Natasha
  2641 | D:2      | Killed Natasha
  2767 | D:2      | Noticed Terence
  2767 | D:2      | Terence changed into Terence the iguana
  2767 | D:2      | XOM: polymorph Terence -> Terence the iguana
  2781 | D:2      | Killed Terence the iguana
  2781 | D:2      | Gained mutation: You are mostly covered in slimy green
                  | scales. (AC +3) [demonic ancestry]
  2781 | D:2      | Reached XP level 6. HP: 41/49 MP: 6/6
  2977 | D:3      | XOM: smoke on damage
  3014 | D:4      | XOM: enchant monster (bad)
  3157 | D:4      | XOM: enchant monster (good)
  3192 | D:4      | Reached skill level 5 in Fighting
  3328 | D:4      | XOM: medium Conj miscast
  3328 | D:4      | XOM: smoke on damage
  3503 | D:4      | XOM: noise
  3534 | D:4      | Found a staircase to the Ecumenical Temple.
  3640 | D:4      | XOM: fake destruction
  3668 | D:4      | Gained mutation: You sometimes gain a little power by
                  | taking damage. [demonic ancestry]
  3668 | D:4      | Reached XP level 7. HP: 36/56 MP: 8/8
  3776 | D:5      | Entered Level 5 of the Dungeon
  3781 | D:5      | Reached skill level 5 in Long Blades
  3801 | D:5      | XOM: noise
  3855 | D:5      | Gained mutation: You are robust. (+10% HP) [potion of
                  | mutation]
  3855 | D:5      | Gained mutation: You have an increased reservoir of magic.
                  | (+10% MP) [potion of mutation]
  3946 | D:5      | XOM: harmless Pois miscast
  3948 | D:5      | XOM: enchant monster (good)
  3989 | D:5      | XOM: summons 7 friendly demons
  4236 | D:5      | Got a transparent spear
  4237 | D:5      | Identified the +12 spear "Ficucwov" {pierce, rF++ MR- Dex+4
                  | SInv} (You found it on level 5 of the Dungeon)
  4310 | D:5      | XOM: harmless Summ miscast
  4429 | D:5      | Found a sparkling altar of Nemelex Xobeh.
  4432 | D:5      | Found an iron altar of Okawaru.
  4435 | D:5      | Found a shattered altar of Ashenzari.
  4469 | D:6      | Found a blossoming altar of Fedhas.
  4469 | D:6      | Found a sacrificial altar of Ru.
  4515 | D:6      | Reached XP level 8. HP: 59/70 MP: 11/11
  4594 | D:6      | Found a transporter.
  4598 | D:6      | Found a transporter.
  4601 | D:6      | Noticed fritzmikael's ghost (novice VSFi)
  4610 | D:6      | XOM: harmless Hex miscast
  4710 | D:6      | XOM: harmless Pois miscast
  4742 | D:6      | Reached skill level 6 in Long Blades
  4857 | D:6      | XOM: noise
  4905 | D:6      | XOM: enchant monster (good)
  5042 | D:6      | XOM: god gift: 23 gold pieces
  5068 | D:7      | XOM: mild Hex miscast
  5099 | D:7      | Found Zoigiyn's Magic Scroll Emporium.
  5188 | D:7      | Found Cetseu's Antique Weapon Boutique.
  5194 | D:7      | XOM: harmless Hex miscast
  5196 | D:7      | XOM: enchant monster (good)
  5210 | D:7      | Noticed Joseph
  5225 | D:7      | Killed Joseph
  5225 | D:7      | Reached skill level 7 in Long Blades
  5225 | D:7      | Reached XP level 9. HP: 39/79 MP: 13/13
  5248 | D:7      | XOM: mild Fire miscast
  5385 | D:7      | Found Nibat's Weapon Emporium.
  5469 | D:7      | XOM: polymorph orc -> frilled lizard
  5484 | D:7      | XOM: smoke on damage
  5609 | D:7      | Found a snail-covered altar of Cheibriados.
  5704 | D:7      | XOM: noise
  5759 | D:7      | Found Meapn's Weapon Shop.
  5912 | D:8      | Noticed a two-headed ogre
  5914 | D:8      | XOM: summons 7 friendly demons
  5915 | D:8      | XOM: summons friendly shadow imp
  5923 | D:8      | Killed a two-headed ogre
  5923 | D:8      | Reached skill level 8 in Long Blades
  5923 | D:8      | Reached skill level 5 in Evocations
  6065 | D:8      | Noticed a troll
  6073 | D:8      | Killed a troll
  6350 | D:8      | XOM: cast spell 'Dispersal'
  6356 | D:8      | Reached XP level 10. HP: 90/91 MP: 15/15
  6400 | D:8      | Noticed a two-headed hydra
  6405 | D:8      | Killed a two-headed hydra
  6662 | D:9      | XOM: cleaving
  6755 | D:9      | XOM: harmless Air miscast
  6782 | D:9      | XOM: harmless Ice miscast
  6819 | D:9      | XOM: scenery: create altars
  6853 | D:9      | Reached skill level 5 in Dodging
  6869 | D:9      | Reached skill level 9 in Long Blades
  6873 | D:9      | Noticed Pikel
  6887 | D:9      | Killed Pikel
  6932 | D:9      | XOM: summons 3 friendly demons
  6936 | D:9      | Reached skill level 10 in Fighting
  7079 | D:9      | Identified the +3 quarterstaff of Distraction {flame, rElec
                  | Int+5} (You found it on level 9 of the Dungeon)
  7109 | D:9      | Noticed Gastronok
  7116 | D:9      | XOM: butterfly on damage
  7116 | D:9      | XOM: smoke on damage
  7120 | D:9      | XOM: swap monsters
  7130 | D:9      | Killed Gastronok
  7130 | D:9      | Reached XP level 11. HP: 51/101 MP: 17/17
  7164 | D:9      | XOM: blink monster(s)
  7165 | D:9      | XOM: polymorph worker ant -> fire bat
  7435 | D:9      | XOM: 6-stop teleportation journey
  7579 | D:10     | Entered Level 10 of the Dungeon
  7601 | D:10     | XOM: medium Air miscast
  7601 | D:10     | Noticed Psyche
  7609 | D:10     | XOM: swap monsters
  7790 | D:10     | Killed Psyche
  7863 | D:10     | XOM: 1-stop teleportation journey
  7882 | D:10     | XOM: scenery: create altars
  7898 | D:10     | Reached skill level 10 in Long Blades
  7987 | D:10     | XOM: mild Conj miscast
  8005 | D:10     | XOM: divination: magic mapping
  8335 | D:10     | Found Moupn's Book Emporium.
  8574 | D:10     | Found an iron altar of Okawaru.
  8598 | D:10     | XOM: harmless Chrm miscast
  8654 | D:10     | XOM: harmless Erth miscast
  8965 | D:7      | Bought a scroll of acquirement for 572 gold pieces
  8965 | D:7      | Bought a scroll of identify for 22 gold pieces
  9100 | D:11     | XOM: potion effect (curing)
  9266 | D:11     | Noticed a centaur warrior
  9271 | D:11     | XOM: harmless Ice miscast
  9275 | D:11     | Killed a centaur warrior
  9342 | D:11     | XOM: silly message
  9645 | D:11     | XOM: summons friendly ufetubus
  9892 | D:11     | Found a staircase to the Lair.
  9920 | D:11     | XOM: harmless Tloc miscast
  9942 | D:11     | Noticed a white ugly thing
  9955 | D:11     | Killed a white ugly thing
 10246 | D:11     | XOM: harmless Erth miscast
 10253 | D:11     | Noticed a two-headed ogre
 10260 | D:11     | XOM: harmless Air miscast
 10262 | D:11     | Killed a two-headed ogre
 10262 | D:11     | Gained mutation: You sometimes gain power by taking damage.
                  | [demonic ancestry]
 10262 | D:11     | Reached XP level 12. HP: 89/110 MP: 19/19
 10512 | D:11     | Found a stormy altar of Qazlal.
 10705 | D:12     | Reached skill level 11 in Long Blades
 10824 | D:12     | XOM: harmless Necr miscast
 11168 | D:12     | XOM: noise
 11409 | D:12     | Found a staircase to the Orcish Mines.
 11457 | D:12     | XOM: silly message
 11459 | D:12     | XOM: mild Ice miscast
 11480 | D:12     | XOM: harmless Chrm miscast
 11496 | D:12     | XOM: noise
 11679 | D:12     | Found an iron altar of Okawaru.
 11741 | D:12     | Noticed a two-headed ogre
 11751 | D:12     | XOM: polymorph purple ugly thing -> cyan ugly thing
 11757 | D:12     | XOM: blink monster(s)
 11760 | D:12     | Killed a two-headed ogre
 11760 | D:12     | Reached skill level 5 in Armour
 12106 | D:12     | XOM: silly message
 12116 | D:12     | XOM: potion effect (agility)
 12714 | D:12     | XOM: mild Pois miscast
 12716 | D:12     | XOM: potion effect (agility)
 12890 | D:12     | Noticed a seven-headed hydra
 12894 | D:12     | XOM: harmless Hex miscast
 12914 | D:12     | Noticed a great orb of eyes
 12914 | D:12     | an eight-headed hydra changed into a great orb of eyes
 12918 | D:12     | XOM: silly message
 12922 | D:12     | Paralysed by a great orb of eyes for 3 turns
 12924 | D:12     | XOM: potion effect (agility)
 12927 | D:12     | Killed a great orb of eyes
 12994 | D:12     | XOM: harmless Tmut miscast
 13067 | Orc:1    | Entered Level 1 of the Orcish Mines
 13140 | D:12     | XOM: divination: detect items
 13337 | Orc:1    | XOM: harmless Pois miscast
 13557 | D:7      | Bought a +2 long sword of flaming for 183 gold pieces
 13681 | Lair:1   | Entered Level 1 of the Lair of Beasts
 13738 | Lair:1   | Reached skill level 12 in Long Blades
 13739 | Lair:1   | Noticed a seven-headed hydra
 13746 | Lair:1   | XOM: confuse monster(s)
 13752 | Lair:1   | Killed a five-headed hydra
 13752 | Lair:1   | Reached XP level 13. HP: 60/119 MP: 20/20
 13809 | Lair:1   | XOM: divination: magic mapping
 13957 | Lair:1   | XOM: cast spell 'Call Canine Familiar'
 14505 | Lair:2   | XOM: harmless Tloc miscast
 14524 | Lair:2   | XOM is BORED!
 14524 | Lair:2   | XOM: noise
 15048 | Lair:2   | XOM: harmless Tmut miscast
 15250 | Lair:2   | Reached skill level 13 in Long Blades
 15286 | Lair:2   | XOM: give mutations
 15286 | Lair:2   | Gained mutation: You evolve. [Xom's grace]
 15286 | Lair:2   | Gained mutation: You can translocate small distances at
                  | will. [Xom's grace]
 15548 | Lair:3   | Found a staircase to the Snake Pit.
 15555 | Lair:3   | XOM: swap monsters
 15556 | Lair:3   | XOM: noise
 15657 | Lair:3   | XOM: 4-stop teleportation journey
 15669 | Lair:3   | XOM is BORED!
 15669 | Lair:3   | XOM: medium Air miscast
 15670 | Lair:3   | XOM: divination: magic mapping
 15683 | Lair:3   | Noticed Snorg
 15686 | Lair:3   | Noticed Snorg
 15686 | Lair:3   | Snorg changed into Snorg the jumping spider
 15687 | Lair:3   | XOM: summons 1 hostile shadow creature
 15691 | Lair:3   | Killed Snorg the jumping spider
 15826 | Lair:3   | XOM: swap monsters
 15930 | Lair:3   | Found a dark tunnel.
 15942 | Volcano  | Entered a volcano
 15944 | Volcano  | XOM: 1-stop teleportation journey
 15986 | Volcano  | XOM: swap monsters
 16230 | Lair:3   | XOM: medium Erth miscast
 16287 | Lair:3   | XOM: divination: detect creatures
 16349 | Lair:3   | XOM: harmless Pois miscast
 16472 | Lair:3   | XOM: divination: magic mapping
 16600 | Lair:3   | XOM: polymorph killer bee -> jelly
 16665 | Lair:3   | XOM: harmless Conj miscast
 16720 | Lair:3   | XOM: cast spell 'Metabolic Englaciation'
 17030 | Lair:3   | XOM: god gift: 62 gold pieces
 17061 | Lair:4   | You fall into a shaft and drop 2 floors!
 17061 | Lair:6   | Entered Level 6 of the Lair of Beasts
 17126 | Lair:6   | XOM: summons friendly iron imp
 17135 | Lair:6   | XOM: smoke on damage
 17233 | Lair:5   | Reached skill level 14 in Long Blades
 17387 | Lair:5   | Found a staircase to the Slime Pits.
 17445 | Lair:5   | XOM: cast spell 'Cause Fear'
 17918 | Lair:5   | Gained mutation: You are very robust. (+20% HP) [evolution]
 18011 | Lair:6   | XOM: potion effect (haste)
 18057 | Lair:6   | Reached XP level 14. HP: 98/141 MP: 21/21
 18072 | Lair:6   | XOM: smoke on damage
 18116 | Lair:6   | XOM: confuse monster(s)
 18199 | Lair:6   | XOM: cloud trail
 18257 | Lair:6   | XOM: summons friendly quasit
 18367 | Lair:6   | XOM: harmless Ice miscast
 18448 | Lair:6   | XOM: confuse monster(s)
 18452 | Lair:6   | XOM: confuse monster(s)
 18478 | Lair:6   | XOM: summons 5 hostile demons
 18654 | Lair:6   | XOM: snakes to sticks
 18762 | Lair:6   | XOM: 1-stop teleportation journey
 18764 | Lair:6   | XOM: summons 9 friendly demons
 18782 | Lair:6   | XOM: divine lightning
 19234 | Lair:6   | XOM: polymorph blink frog -> big kobold
 19616 | Lair:6   | XOM: 5-stop teleportation journey
 19763 | Lair:6   | XOM: smoke on damage
 19977 | Lair:6   | XOM: cast spell 'Monstrous Menagerie'
 20554 | Lair:4   | XOM: 4-stop teleportation journey
 20558 | Lair:4   | XOM: enchant monster (good)
 20662 | Lair:4   | XOM is BORED!
 20662 | Lair:4   | XOM: summons 2 hostile shadow creatures
 20729 | Lair:4   | XOM: god gift: ration
 20735 | Lair:4   | XOM: destruction
 20739 | Lair:4   | XOM: blink monster(s)
 20755 | Lair:4   | XOM: torment (57/142 hp)
 20758 | Lair:4   | XOM: 1-stop teleportation journey
 21021 | Lair:4   | XOM: noise
 21026 | Lair:4   | Reached skill level 15 in Long Blades
 21093 | Lair:4   | XOM: enchant monster (bad)
 21203 | Lair:4   | XOM: harmless Fire miscast
 21243 | Lair:4   | XOM: 5-stop teleportation journey
 21457 | Lair:4   | Gained mutation: Your spells are a little harder to cast,
                  | but a little more powerful. [evolution]
 21512 | Lair:4   | Found a staircase to the Swamp.
 21658 | Lair:3   | XOM: noise
 22139 | Lair:1   | XOM: noise
 22177 | Lair:1   | You fall into a shaft and drop 1 floor!
 22293 | Lair:1   | XOM: give mutations
 22293 | Lair:1   | Gained mutation: You are clumsy. (Dex -2) [Xom's mischief]
 22293 | Lair:1   | Gained mutation: You are dopey. (Int -2) [Xom's mischief]
 22293 | Lair:1   | Lost mutation: You are very robust. (+20% HP) [Xom's
                  | mischief]
 22361 | Lair:1   | XOM: god gift: knobbly runed staff {god gift}
 22499 | Lair:1   | Noticed Erica
 22504 | Lair:1   | Killed Erica
 22974 | D:12     | XOM: cloud trail
 23005 | Orc:2    | Entered Level 2 of the Orcish Mines
 23005 | Orc:2    | Found a staircase to the Elven Halls.
 23181 | Orc:2    | XOM: cleaving
 23515 | Orc:2    | Found Vaikel's Antique Weapon Boutique.
 23702 | Orc:2    | XOM: cleaving
 23702 | Orc:2    | Noticed Saint Roka
 23710 | Orc:2    | XOM: fog
 23769 | Orc:2    | XOM: god gift: 11 arrows
 23790 | Orc:2    | XOM: 5-stop teleportation journey
 24045 | Orc:2    | XOM: mild Erth miscast
 24048 | Orc:2    | Paralysed by an orc sorcerer for 7 turns
 24412 | Orc:2    | XOM: give mutations
 24412 | Orc:2    | Gained mutation: Armour fits poorly on your strangely
                  | shaped body. [Xom's mischief]
 24412 | Orc:2    | Lost mutation: You are dopey. (Int -2) [Xom's mischief]
 24417 | Orc:2    | Gained mutation: You may emit foul miasma when damaged in
                  | melee. [demonic ancestry]
 24417 | Orc:2    | Reached XP level 15. HP: 117/138 MP: 22/22
 24631 | Orc:2    | Cast into level 2 of the Abyss (orc warrior)
 24690 | Abyss:2  | XOM: medium Hex miscast
 24735 | Abyss:2  | Paralysed by an apocalypse crab for 2 turns
 24755 | Abyss:2  | XOM: give mutations
 24755 | Abyss:2  | Gained mutation: You are resistant to hostile enchantments.
                  | (MR+) [Xom's mischief]
 24755 | Abyss:2  | Gained mutation: You rapidly evolve. [Xom's mischief]
 24755 | Abyss:2  | Lost mutation: You are robust. (+10% HP) [Xom's mischief]
 24755 | Abyss:2  | Gained mutation: You are frail. (-10% HP) [Xom's mischief]
 24764 | Abyss:2  | XOM: swap monsters
 24817 | Abyss:2  | XOM: noise
 24911 | Abyss:2  | Found a corrupted altar of Lugonu.
 24938 | Abyss:2  | XOM: scenery: create altars
 25041 | Orc:2    | Escaped the Abyss
 25047 | Orc:2    | Noticed an orc warlord
 25229 | Orc:2    | XOM: confuse monster(s)
 25243 | Orc:2    | XOM: summons 9 friendly demons
 25570 | Orc:1    | XOM: cloud trail
 25646 | D:13     | XOM: scenery: 1 doors open, 1 doors close
 26008 | D:13     | XOM: summons 15 friendly demons
 26071 | D:13     | XOM: scenery: 1 doors close
 26134 | D:13     | Found a shimmering altar of Xom.
 26135 | D:13     | Found a shimmering altar of Xom.
 26135 | D:13     | Found a shimmering altar of Xom.
 26135 | D:13     | Found a shimmering altar of Xom.
 26141 | D:13     | Found a shimmering altar of Xom.
 26141 | D:13     | Found a shimmering altar of Xom.
 26141 | D:13     | Found a shimmering altar of Xom.
 26165 | D:13     | You fall into a shaft and drop 2 floors!
 26165 | D:15     | Entered Level 15 of the Dungeon
 26176 | D:15     | XOM: harmless Ice miscast
 26301 | D:15     | XOM: harmless Tmut miscast
 26303 | D:15     | Reached skill level 10 in Dodging
 26431 | D:15     | Noticed Roxanne
 27130 | D:15     | XOM: divination: detect creatures
 27397 | D:15     | XOM: harmless Erth miscast
 28088 | D:15     | Found a staircase to the Depths.
 28212 | D:14     | XOM: harmless Pois miscast
 28269 | D:14     | XOM: silly message
 28362 | D:14     | XOM: harmless Erth miscast
 28566 | D:14     | Found Baitak Qyusu's Gadget Shop.
 28576 | D:14     | Bought a wand of scattershot (4) for 360 gold pieces
 28576 | D:14     | Bought a sack of spiders for 300 gold pieces
 28576 | D:14     | Bought a box of beasts for 300 gold pieces
 28780 | D:14     | XOM: god gift: glowing quarterstaff {god gift}
 28878 | D:14     | XOM: 1-stop teleportation journey
 28951 | D:14     | Reached skill level 16 in Long Blades
 29009 | D:14     | XOM: god gift: 6 rations
 29068 | D:14     | XOM: divine lightning
 29076 | D:14     | XOM: cast spell 'Alistair's Intoxication'
 29080 | D:14     | XOM: summons 3 friendly demons
 29189 | D:14     | XOM: 1-stop teleportation journey
 29234 | D:14     | XOM: divination: detect items
 29594 | D:14     | XOM: scenery: create altars
 29845 | D:14     | Found a gate to the Vaults.
 30337 | Orc:2    | XOM: cleaving
 30395 | Orc:2    | XOM: enchant monster (good)
 30591 | Orc:1    | XOM: 8-stop teleportation journey
 30679 | Orc:1    | XOM: cloud trail
 30723 | Elf:1    | XOM: noise
 30723 | Elf:1    | Entered Level 1 of the Elven Halls
 30789 | Elf:1    | XOM: cast spell 'Disjunction'
 30792 | Elf:1    | XOM: give mutations
 30792 | Elf:1    | Lost mutation: You have an increased reservoir of magic.
                  | (+10% MP) [Xom's mischief]
 30792 | Elf:1    | Lost mutation: You are resistant to hostile enchantments.
                  | (MR+) [Xom's mischief]
 30792 | Elf:1    | Lost mutation: Armour fits poorly on your strangely shaped
                  | body. [Xom's mischief]
 30822 | Elf:1    | Paralysed by an orc sorcerer for 2 turns
 30895 | Elf:1    | Gained mutation: Potions are less effective at restoring
                  | your health. [evolution]
 30971 | Elf:3    | Entered Level 3 of the Elven Halls
 31123 | Elf:3    | XOM: give mutation
 31123 | Elf:3    | Gained mutation: You have sharp toenails. [Xom's grace]
 31189 | Elf:2    | XOM: summons 3 friendly demons
 31488 | Elf:2    | XOM: confusion
 31534 | Elf:2    | XOM: smoke on damage
 31667 | Elf:2    | XOM: blink monster(s)
 32288 | Elf:3    | XOM: 2-stop teleportation journey
 32329 | Elf:3    | XOM: scenery: 3 doors close
 32560 | Elf:3    | XOM: summons friendly ufetubus
 32571 | Elf:3    | Reached skill level 17 in Long Blades
 32776 | Elf:3    | XOM: fog
 32788 | Elf:3    | Reached XP level 16. HP: 109/120 MP: 21/21
 33244 | Elf:3    | Cast into level 3 of the Abyss (a deep elf sorcerer)
 33251 | Abyss:3  | Noticed a thorn hunter
 33398 | Abyss:4  | XOM: mild Tloc miscast
 33403 | Abyss:4  | XOM: fog
 33417 | Abyss:4  | Lost mutation: Potions are less effective at restoring your
                  | health. [potion of mutation]
 33417 | Abyss:4  | Lost mutation: You rapidly evolve. [potion of mutation]
 33417 | Abyss:4  | Lost mutation: You have sharp toenails. [potion of
                  | mutation]
 33417 | Abyss:4  | Lost mutation: You are clumsy. (Dex -2) [potion of
                  | mutation]
 33417 | Abyss:4  | Gained mutation: Your muscles are strong. (Str +2) [potion
                  | of mutation]
 33475 | Abyss:4  | XOM: destruction
 33488 | Abyss:4  | Noticed a tentacled starspawn
 33496 | Abyss:4  | Noticed an Executioner
 33502 | Abyss:4  | XOM: smoke on damage
 33503 | Abyss:4  | Slain by an Executioner

Levels and vault maps discovered:
D:1:      minmay_arrival_shattered_statue, layout_basic
D:2:      layout_basic, first_ration, serial_glass, glass_columns_c,
          glass_columns_a, glass_columns_a, glass_columns_a, glass_columns_b,
          glass_columns_c, glass_columns_b, glass_columns_a, glass_columns_a,
          glass_columns_b, glass_columns_a, glass_columns_a, glass_columns_a,
          glass_columns_a, due_unseen_surprise, minmay_strange_pillars,
          feat_on_display, minmay_strange_pillars, uniq_natasha, uniq_terence
D:3:      kennysheep_the_goblin_king, layout_loops_corners
D:4:      layout_loops_ring, minmay_temple_entry_arrows
D:5:      layout_basic, grunt_temple_overflow_diamond
D:6:      layout_loops_ring, gammafunk_temple_overflow_pools,
          gammafunk_ghost_mausoleum
D:7:      layout_gridville, lemuel_round_altar, serial_shops,
          nicolae_shop_window_shopping, shop, shop_statue,
          nicolae_shop_behind_doors, uniq_joseph
D:8:      layout_cave_pools, hangedman_ranch [blue_anna_fruit_fields]
D:9:      layout_roguey, minmay_fractal_squares_diagonal_5, uniq_gastronok,
          uniq_pikel
D:10:     layout_small_grid, serial_shops, shop_statue, minmay_statues_item,
          okawaru_trees_2, uniq_psyche
D:11:     layout_gridville, grunt_lair_entry_orc_guard_hut, basic_altar,
          amethyst_killhole, chequers_serial_rivers_micro_e
D:12:     layout_basic, zombieorc2_lemuel, st_stairs_7, lemuel_centaur_altar
D:13:     layout_stronghold, nicolae_xom_altar_mimics
D:14:     layout_long_grid, ximxim_vaults_locker_room, serial_shops, shop,
          serial_bayou_ford_a, kennysheep_small_square
D:15:     gammafunk_enter_depths_forms, layout_basic, nrook_pool_corridor,
          uniq_roxanne
Lair:1:   layout_loops_ring, grunt_megastairs_3, serial_bayou_shore_a,
          uniq_erica
Lair:2:   cheibrodos_lair_river_kwai, layout_loops_ring, guppyfry_lair_drakes,
          grunt_megastairs_5
Lair:3:   layout_roguey [special_room_bee], minmay_snake_entry_six_corridors,
          lightli_volcano_entry_magma_tube, uniq_snorg
Lair:4:   layout_regular_city, minmay_swamp_entry_worms, minivault_24,
          nicolae_lair_grove_arrangements
Lair:5:   layout_hall_layers, dpeg_slime_entry_corner, nicolae_lair_yak_garden
Lair:6:   hangedman_lair_tendril_chambers, layout_regular_city,
          guppyfry_lair_end_dragon, serial_bayou, serial_bayou_pond_a,
          serial_bayou_pond_b, serial_bayou_pond_c, serial_bayou_shore_b,
          serial_bayou_pond_d, serial_bayou_pond_a, st_stairs_7
Orc:1:    layout_diamond_mine
Orc:2:    st_orc_congregation, layout_caves, serial_shops, shop,
          nicolae_orc_damp_corner, uniq_saint_roka
Elf:1:    layout_geoelf_octagon, basic_altar, serial_shops, shop_statue,
          minivault_28, uniq_jorgrun
Elf:2:    layout_onion_city, serial_shops, shop,
          portal_desolation_entry_twin_temple
Elf:3:    minmay_elf_hall_furrowed, layout_geoelf_diagonals
Abyss:4:  base: Snake:3, minivault_1, evilmike_abyss_rune_tso_outpost,
          evilmike_abyss_exit_smiterflies, hangedman_abyss_lost_library,
          dshaligram_kb_abyss_rune_zappy_water_cross

Skill      XL: |  1  2  3  4  5  6  7  8  9 10 11 12 13 14 15 |
---------------+----------------------------------------------+-----
Dodging        | 1 3 4 5 6 7 8 9 10 | 10.4
Long Blades    | 3 4 5 7 8 9 10 12 14 15 17 | 17.2
Armour         | 2 3 4 5 6 8 9 |  9.0
Fighting       | 4 5 6 7 9 10 11 12 13 14 | 14.5
Evocations     | 1 2 3 4 5 6 7 |  7.6

Action                   |  1- 3 |  4- 6 |  7- 9 | 10-12 | 13-15 | 16-18 || total
-------------------------+-------+-------+-------+-------+-------+-------++-------
Melee: Falchion          |    81 |    34 |       |       |       |       ||   115
       Dagger            |       |   216 |   258 |       |       |       ||   474
       Spear             |       |       |   136 |   185 |       |       ||   321
       Great sword       |       |       |       |   415 |   261 |       ||   676
       Long sword        |       |       |       |     3 |     5 |       ||     8
       Triple sword      |       |       |       |       |  1313 |    72 ||  1385
Throw: Dart              |       |     9 |       |     2 |    35 |       ||    46
 Abil: Blink             |       |       |       |       |     3 |     3 ||     6
Evoke: Wand              |       |     3 |     8 |    26 |    28 |     1 ||    66
       Lightning rod     |       |       |       |       |    10 |     1 ||    11
       Sack of spiders   |       |       |       |       |     3 |     1 ||     4
       Box of beasts     |       |       |       |       |     1 |       ||     1
  Use: Potion            |     2 |     5 |     3 |    16 |    17 |     2 ||    45
       Scroll            |       |     5 |     6 |    14 |    27 |     2 ||    54
 Stab: Paralysed         |     1 |       |     7 |       |     2 |       ||    10
       Petrifying        |       |     1 |       |       |       |       ||     1
       Distracted        |       |       |     1 |     1 |     2 |       ||     4
       Confused          |       |       |       |     2 |     3 |       ||     5
       Invisible         |       |       |       |       |     4 |       ||     4
       Betrayed ally     |       |       |       |       |     1 |       ||     1
  Eat: Chunk             |     1 |     8 |     9 |    11 |    17 |     1 ||    47
       Ration            |       |       |       |     5 |    14 |       ||    19
Armor: Chain mail        |    75 |   165 |   211 |   422 |  1186 |    92 ||  2151
       Leather armour    |     2 |       |       |       |       |       ||     2
       Skin              |       |     5 |       |       |       |       ||     5
Dodge: Dodged            |    32 |    74 |   161 |   391 |  1076 |    48 ||  1782
Block: Other             |       |       |       |       |    76 |    26 ||   102
       Reflection        |       |       |       |       |     6 |     1 ||     7
       Rpst.: Falchion   |     9 |     4 |       |       |       |       ||    13
       Great sword       |       |       |       |    80 |    44 |       ||   124
       Triple sword      |       |       |       |       |   244 |    11 ||   255
       Long sword        |       |       |       |       |     1 |       ||     1
